Map: Catalyst LE

Players

lllllllIIIIl (Nina)

  • Race: Protoss Protoss
  • League: Grandmaster
  • Spawn Location: 5:00

SpeCial - Winner!

  • Race: Terran Terran
  • League: Master
  • Spawn Location: 11:00

VOD

Have the link to the VOD?

Description

Time

  • Played on: Dec. 23, 2017, 9:22 p.m.
  • Length: 6:39
Show
View Real Time Build Order
Export as new Build Order

lllllllIIIIl Protoss 

Build Orders: 1 Gate Expand, Dark Templar Rush 

Get SALT Encoding   

  12  0:00  Probe  
  13  0:12  Probe  
  14  0:18  Pylon  
  14  0:25  Probe (Chrono Boost)  
  15  0:37  Probe (Chrono Boost)  
  15  0:39  Gateway  
  16  0:45  Probe (Chrono Boost)  
  16  0:49  Assimilator  
  17  0:51  Probe  
  18  1:03  Probe  
  19  1:04  Assimilator  
  19  1:15  Probe  
  20  1:32  Nexus  
  20  1:41  Cybernetics Core  
  20  1:44  Probe  
  21  1:52  Pylon  
  21  1:56  Probe  
  22  2:08  Probe (Chrono Boost)  
  22  2:11  Warp Gate  
  23  2:16  Stalker (Chrono Boost)  
  23  2:20  Probe (Chrono Boost)  
  26  2:25  Twilight Council  
  26  2:26  Probe (Chrono Boost)  
  27  2:38  Stalker, Probe  
  30  2:44  Probe  
  30  2:50  Probe  
  32  2:57  Probe  
  33  3:01  Robotics Facility  
  33  3:04  Probe  
  34  3:09  Probe  
  35  3:16  Probe  
  35  3:19  Dark Shrine  
  36  3:21  Probe  
  36  3:26  Gateway  
  37  3:29  Probe  
  38  3:35  Probe  
  38  3:37  Gateway  
  39  3:41  Pylon  
  39  3:43  Probe  
  39  3:47  Warp Prism (Chrono Boost)  
  40  3:53  Probe  
  43  3:56  Assimilator  
  39  4:12  Probe  
  39  4:16  Probe  
  39  4:18  Stalker  
  41  4:24  Stalker  
  39  4:37  Probe  
  38  4:42  Stalker, Dark Templar  
  42  5:02  Pylon  
  42  5:03  Pylon  
  42  5:09  Pylon  
  42  5:20  Probe x2  
  44  5:23  Sentry  
  46  5:32  Probe x2  
  48  5:42  Sentry x2  
  52  5:44  Probe x2  
  52  5:47  Stalker  
  56  5:56  Probe x2  
  54  6:00  Dark Templar  
  56  6:05  Dark Templar  
  56  6:08  Probe  
  53  6:16  Probe  
  48  6:20  Probe  
  48  6:24  Dark Templar  
  49  6:27  Gateway  
  49  6:29  Gateway  
  49  6:30  Gateway x2  
  50  6:32  Assimilator  
Show
View Real Time Build Order
Export as new Build Order

SpeCial Terran - Winner!

Build Orders: Cyclone Opening 

Get SALT Encoding   

  12  0:01  SCV  
  13  0:13  SCV  
  14  0:18  Supply Depot  
  14  0:25  SCV  
  15  0:39  SCV  
  15  0:41  Barracks  
  16  0:44  Refinery  
  16  0:51  SCV  
  17  1:03  SCV  
  18  1:15  SCV  
  19  1:29  Marine  
  19  1:30  Orbital Command  
  20  1:44  Command Center  
  20  1:54  Factory  
  20  1:58  SCV  
  21  2:05  Supply Depot  
  21  2:07  Barracks Tech Lab  
  21  2:11  SCV  
  22  2:17  Refinery  
  22  2:23  SCV  
  22  2:27  Marauder  
  25  2:35  SCV  
  26  2:41  Cyclone  
  29  2:47  SCV  
  30  2:55  Concussive Shells  
  30  2:56  Orbital Command, Marauder  
  32  2:59  SCV  
  33  3:11  SCV  
  34  3:16  Cyclone  
  34  3:19  Marauder  
  39  3:22  SCV  
  39  3:23  SCV  
  41  3:27  Supply Depot  
  41  3:34  SCV  
  42  3:35  SCV  
  43  3:44  Command Center  
  43  3:46  SCV  
  43  3:47  SCV  
  45  3:52  Marine  
  46  3:55  Supply Depot  
  46  3:56  Factory Tech Lab  
  46  3:58  SCV  
  46  4:01  SCV  
  45  4:11  SCV  
  45  4:13  SCV  
  45  4:15  Marine, Barracks x2  
  48  4:23  Siege Tank  
  51  4:30  SCV  
  52  4:31  Bunker  
  52  4:33  Marine  
  52  4:35  SCV  
  54  4:42  Supply Depot, SCV  
  55  4:47  SCV  
  54  4:53  Engineering Bay  
  54  4:54  SCV  
  54  4:57  Orbital Command  
  54  5:00  Marine, SCV  
  54  5:06  SCV  
  56  5:10  Barracks Reactor  
  56  5:12  SCV  
  56  5:13  Starport  
  57  5:20  Missile Turret, Refinery  
  57  5:21  Refinery  
  57  5:25  Missile Turret, SCV x2  
  57  5:27  Marine x2  
  61  5:35  Factory Reactor  
  61  5:37  SCV x2  
  63  5:48  Marine x3  
  63  5:54  Marine  
  63  6:00  SCV x2  
  63  6:06  Marine x3, Missile Turret  
  63  6:08  SCV  
  64  6:12  Marine, SCV  
  64  6:13  Widow Mine x2  
  67  6:30  Barracks  
  71  6:34  Barracks  
Tags
 
Add a new tag
Caveats
  • Supply blocks, unpowered buildings, or Contaminate may cause inaccurate times.
  • Supply counts are checked every 10 seconds.